 Dungeon Crawl Stone Soup version 0.32-a0-314-g526f7d4993 (webtiles) character file.

Game seed: 13442123766261801205

12977 Kenran the Marksminotaur (level 11, -6/85 HPs)
             Began as a Minotaur Summoner on Feb 16, 2024.
             Was an Elder of Hepliaklqana.
             Mangled by a cane toad (16 damage)
             ... on level 1 of the Lair of Beasts.
             The game lasted 00:21:32 (10571 turns).

Kenran the Marksminotaur (Minotaur Summoner)       Turns: 10571, Time: 00:21:32

Health: -6/85      AC:  9    Str: 21    XL:     11   Next: 69%
Magic:  12/12      EV: 11    Int: 12    God:    Hepliaklqana [****..]
Gold:   594        SH:  0    Dex: 19    Spells: 11/12 levels left

rFire   + . .        v - +0 orcbow
rCold   + . .        (shield currently unavailable)
rNeg    . . .        y - +0 scale mail
rPois   +            r - +1 hat
rElec   +            q - +0 cloak
rCorr   +            (no gloves)
SInv    .            (no boots)
Will    .....        (no amulet)
Stlth   +            z - +6 ring of strength
HPRegen 0.34/turn    B - +6 ring of dexterity
MPRegen 0.13/turn

%: no passive effects
@: lethally poisoned (-6 -> -23), resistant
A: reduced essence, horns 2, retaliatory headbutt
a: Renounce Religion, Recall Ancestor, Ancestor Identity, Transference, Idealise


You were on level 1 of the Lair of Beasts.
You worshipped Hepliaklqana.
Hepliaklqana was greatly pleased with you.
You visited 2 branches of the dungeon, and saw 12 of its levels.
You also visited: Ossuary.

You collected 594 gold pieces.

Inventory:

Hand Weapons
 v - a +0 orcbow (weapon)
Armour
 q - a +0 cloak (worn)
 r - a +1 hat (worn)
 x - a +0 plate armour
 y - a +0 scale mail (worn)
Jewellery
 j - a ring of fire
 z - a +6 ring of strength (left hand)
 A - a ring of positive energy
 B - a +6 ring of dexterity (right hand)
Wands
 e - a wand of quicksilver (12)
 m - a wand of flame (14)
 C - a wand of paralysis (15)
 K - a wand of roots (6)
Scrolls
 a - a scroll of blinking
 c - a scroll of revelation {unknown}
 g - a scroll of immolation {!r}
 h - 2 scrolls of summoning
 l - 2 scrolls of silence
 n - 4 scrolls of enchant weapon
 o - 2 scrolls of fog {unknown}
 s - a scroll of enchant armour
 w - 3 scrolls of teleportation {unknown}
 D - 3 scrolls of poison {unknown}
 H - 2 scrolls of amnesia {unknown}
Potions
 b - 2 potions of magic
 d - 2 potions of resistance
 f - a potion of lignification {unknown}
 k - 3 potions of haste
 p - 2 potions of mutation {unknown}
 t - 2 potions of might {unknown}
 u - 4 potions of enlightenment {unknown}
 E - 2 potions of attraction {unknown}
 F - a potion of degeneration {unknown}
 G - 2 potions of ambrosia {unknown}


   Skills:
 + Level 8.4 Fighting
 - Level 9.2 Maces & Flails
 - Level 1.1 Polearms
 - Level 16.0 Ranged Weapons
 + Level 5.6 Armour
 - Level 2.1 Dodging
 - Level 1.5 Stealth
 - Level 1.3 Spellcasting
 - Level 2.9 Summonings


You had 11 spell levels left.
You knew the following spells:

 Your Spells              Type           Power      Damage    Failure   Level
a - Summon Small Mammal   Summ           28%        N/A       22%         1

Your spell library contained the following spells:

 Spells                   Type           Power      Damage    Failure   Level
 Call Imp                 Summ           14%        N/A       32%         2
 Call Canine Familiar     Summ           7%         N/A       54%         3
 Shock                    Conj/Air       0%         1d3       58%         1
 Summon Ice Beast         Ice/Summ       4%         N/A       75%         3
 Fugue of the Fallen      Necr           0%         N/A       91%         3
 Inner Flame              Hex/Fire       0%         N/A       91%         3
 Ozocubu's Armour         Ice            0%         N/A       91%         3
 Swiftness                Air            0%         N/A       91%         3
 Summon Blazeheart Golem  Fire/Summ      4%         N/A       98%         4
 Summon Lightning Spire   Summ/Air       4%         N/A       98%         4
 Airstrike                Air            0%         2d(0-16)  100%        4
 Ignite Poison            Fire/Alch      0%         N/A       100%        4
 Manifold Assault         Tloc           0%         N/A       100%        4
 Irradiate                Conj/Alch      0%         3d11      100%        5
 Summon Mana Viper        Hex/Summ       4%         N/A       100%        5
 Monstrous Menagerie      Summ           3%         N/A       100%        7
 Ignition                 Fire           0%         3d3       100%        8
 Fire Storm               Conj/Fire      0%         5d1       100%        9


Dungeon Overview and Level Annotations

Branches:
Dungeon (10/15)            Temple (0/1) D:6            Lair (2/5) D:8
    Orc (0/2) D:10        Ossuary (visited)
  Swamp: Lair:2-3    Shoals: Lair:2-3     Snake: Lair:2-3    Spider: Lair:2-3

Altars:
Fedhas
Hepliaklqana
Okawaru
Qazlal
Ru
Sif Muna
Uskayaw
The Shining One
Beogh
Lugonu

Portals:
Abyss: D:9

Annotations:
D:8 3 runed translucent doors
D:9 2 runed translucent doors
Lair:1 1 runed translucent door


Innate Abilities, Weirdness & Mutations

Your life essence is reduced to manifest your ancestor. (-10% HP)
You have a pair of horns on your head.
You reflexively headbutt those who attack you in melee.


Message History

The arrow hits the blink frog!!
You kill the blink frog!
The cane toad stings you!
Vitoguc hits the cane toad with a +0 flail.
Fire: v) +0 orcbow
Press: ? - help, Q - select action, (/) - cycle Shift-Dir - straight line, f/p - cane toad
Aim: a cane toad (moderately wounded, ally target, 71% to hit)
You shoot an arrow. The arrow hits the cane toad.
The cane toad is moderately wounded.
The blink frog hits Vitoguc.
The cane toad closely misses you.
Fire: v) +0 orcbow
Press: ? - help, Q - select action, (/) - cycle Shift-Dir - straight line, f/p - cane toad
Aim: a cane toad (moderately wounded, ally target, 71% to hit)
You shoot an arrow. The arrow barely misses the cane toad.
The arrow barely misses the blink frog.
The arrow hits the blink frog!
The blink frog is almost dead.
The blink frog hits Vitoguc!
Vitoguc is destroyed!
The cane toad stings you.
You are poisoned.
The cane toad poisons you!
Fire: v) +0 orcbow
Press: ? - help, Q - select action, (/) - cycle Shift-Dir - straight line, f/p - cane toad
Aim: a cane toad (moderately wounded, 71% to hit)
You shoot an arrow. The arrow hits the cane toad!
The cane toad is heavily wounded.
You feel very sick. The cane toad stings you!!
* * * LOW HITPOINT WARNING * * *
You are lethally poisoned!
The cane toad poisons you!
You feel protected.
* * * LOW HITPOINT WARNING * * *
You feel very sick. The cane toad closely misses you. The blink frog hits you!
* * * LOW HITPOINT WARNING * * *
The cane toad stings you!
You die...
Hepliaklqana delivers you to your ancestors.

..... ...... ...... ...... ##..
#...... #P.# ## ......# ##..#
#.#....... #...# ###FF......
##..# #.@F.......## ... ##
###...### ##.†F........###...
#.P#.......###.....†..........#
...................##.........#
####..............# #.......#
##...P#.........# #......#
#...####.......## #......#
##..# ##.......# #>....## ##..#
##.......## #......###


You could see a cane toad and 3 blink frogs.

Vanquished Creatures
  A cane toad (Lair:1)
  Joseph (D:7)
  A rime drake (Lair:1)
  A komodo dragon (Lair:1)
  A hornet (D:9)
  2 trolls (D:10)
  A blink frog (Lair:1)
  A shadow (D:9)
  5 wyverns
  2 humans (D:8)
  9 yaks
  A wraith (D:10)
  3 vampire mosquitoes (D:9)
  Duvessa (D:4)
  An orc warrior (D:10)
  4 sky beasts
  A black bear (D:6)
  A centaur (D:6)
  An ogre (D:5)
  A lemure (D:9)
  A bullfrog (Lair:1)
  5 scorpions
  7 wights
  Dowan (D:4)
  4 killer bees
  7 howler monkeys
  A centaur zombie (Ossuary)
  2 hounds
  2 human zombies (Ossuary)
  5 orc priests
  2 iguanas
  A sleepcap (D:7)
  9 orc wizards
  2 mummies (Ossuary)
  7 adders
  3 gnolls
  A white imp (D:6)
  An adder zombie (Ossuary)
  2 ribbon worms
  3 dart slugs
  26 orcs
  6 bats
  11 endoplasms
  4 giant cockroaches
  A gnoll zombie (Ossuary)
  10 goblins
  8 hobgoblins
  6 kobolds
  2 quokkas
  13 ball pythons
  3 ball python zombies (Ossuary)
  4 frilled lizards
  11 rats
210 creatures vanquished.

Vanquished Creatures (collateral kills)
  A two-headed ogre (D:10)
  Pikel (D:9)
  A cane toad (Lair:1)
  A komodo dragon (Lair:1)
  A hornet (D:10)
  3 humans (D:8)
  6 yaks
  2 water moccasins (Lair:1)
  2 orc warriors (D:10)
  An ice beast (D:6)
  An ogre (D:7)
  3 wolves (Lair:1)
  A gnoll sergeant (D:10)
  3 scorpions (Ossuary)
  A bullfrog (D:5)
  6 wights
  A killer bee (D:10)
  A howler monkey (D:7)
  3 centaur zombies (Ossuary)
  A human zombie (Ossuary)
  A hound (D:7)
  2 orc priests
  Crazy Yiuf (D:7)
  An iguana (D:6)
  A scorpion zombie (Ossuary)
  8 orc wizards
  A mummy (Ossuary)
  2 gnolls (D:10)
  10 orcs
  A gnoll zombie (Ossuary)
  3 ball python zombies (Ossuary)
  A jackal zombie (Ossuary)
  An orc zombie (Ossuary)
73 creatures vanquished.

Vanquished Creatures (others)
  5 knights
5 creatures vanquished.

Grand Total: 288 creatures vanquished

Notes
Turn   | Place    | Note
-------+----------+-------------------------------------------
     0 | D:1      | Kenran the Minotaur Summoner began the quest for the Orb.
     0 | D:1      | Reached XP level 1. HP: 14/14 MP: 1/1
    49 | D:1      | Reached skill level 1 in Fighting
   165 | D:1      | Reached XP level 2. HP: 21/24 MP: 3/3
   342 | D:1      | Reached XP level 3. HP: 30/31 MP: 4/4
  1191 | D:2      | Reached XP level 4. HP: 39/41 MP: 5/5
  1471 | D:2      | Reached skill level 5 in Fighting
  1904 | D:3      | Reached XP level 5. HP: 27/50 MP: 6/6
  2534 | D:4      | Reached skill level 1 in Polearms
  2659 | D:4      | Found a hazy altar of Hepliaklqana.
  2695 | D:4      | Became a worshipper of Hepliaklqana the Forgotten
  2700 | D:4      | Noticed Duvessa
  2700 | D:4      | Noticed Dowan
  2724 | D:4      | Killed Duvessa
  2725 | D:4      | Reached XP level 6. HP: 36/57 MP: 7/7
  2730 | D:4      | Killed Dowan
  3025 | D:3      | Reached skill level 5 in Maces & Flails
  3131 | D:4      | Found a glowing golden altar of the Shining One.
  3270 | D:5      | Entered Level 5 of the Dungeon
  3286 | D:5      | Reached XP level 7. HP: 58/63 MP: 8/8
  3380 | D:5      | Found a blossoming altar of Fedhas.
  3535 | D:5      | Reached * piety under Hepliaklqana
  4079 | D:6      | Found a hide-covered altar of Uskayaw.
  4079 | D:6      | Found a sacrificial altar of Ru.
  4258 | D:6      | Found a staircase to the Ecumenical Temple.
  4313 | D:6      | Reached XP level 8. HP: 23/63 MP: 9/9
  4475 | D:6      | Reached ** piety under Hepliaklqana
  4476 | D:6      | Remembered your ancestor Vitoguc as a knight
  4593 | D:6      | Reached skill level 2 in Ranged Weapons
  4677 | D:6      | Reached skill level 3 in Ranged Weapons
  4806 | D:7      | Reached skill level 4 in Ranged Weapons
  4841 | D:7      | Reached skill level 5 in Ranged Weapons
  4883 | D:7      | Reached skill level 6 in Ranged Weapons
  4974 | D:7      | Found a sand-covered staircase.
  4999 | Ossuary  | Entered an ossuary
  5016 | Ossuary  | Reached skill level 7 in Ranged Weapons
  5078 | Ossuary  | Reached XP level 9. HP: 18/67 MP: 10/10
  5315 | Ossuary  | Reached skill level 8 in Ranged Weapons
  5483 | D:7      | Reached skill level 9 in Ranged Weapons
  5551 | D:7      | Noticed Joseph
  5551 | D:7      | Paralysed by Joseph for 4 turns
  5568 | D:7      | Killed Joseph
  5824 | D:7      | Reached skill level 10 in Ranged Weapons
  5999 | D:7      | Found a shimmering blue altar of Sif Muna.
  6009 | D:7      | Found a stormy altar of Qazlal.
  6165 | D:7      | Found a runed translucent door.
  6166 | D:7      | Noticed Crazy Yiuf
  6173 | D:7      | Killed Crazy Yiuf
  6232 | D:8      | Found an iron altar of Okawaru.
  6265 | D:8      | Found a staircase to the Lair.
  6425 | D:8      | Found a runed translucent door.
  6425 | D:8      | Noticed a two-headed ogre
  6426 | D:8      | Found a runed translucent door.
  6427 | D:8      | Found a runed translucent door.
  6427 | D:8      | Reached *** piety under Hepliaklqana
  6592 | D:8      | Reached skill level 11 in Ranged Weapons
  6630 | D:8      | Reached XP level 10. HP: 65/74 MP: 11/11
  6720 | D:8      | Got Asmodeus's Vellum of Calid Wounds
  6923 | D:9      | Reached skill level 12 in Ranged Weapons
  7016 | D:9      | Noticed Pikel
  7062 | D:8      | Reached skill level 13 in Ranged Weapons
  7343 | D:9      | Found a one-way gate to the infinite horrors of the Abyss.
  7377 | D:9      | Killed Pikel
  7418 | D:9      | Found a large runed translucent door.
  7419 | D:9      | Found a large runed translucent door.
  7421 | D:9      | Noticed a cyan ugly thing
  7564 | D:9      | Reached skill level 14 in Ranged Weapons
  7820 | D:9      | Found a corrupted altar of Lugonu.
  7822 | D:9      | Noticed a cyan ugly thing
  8152 | D:10     | Entered Level 10 of the Dungeon
  8424 | D:9      | Reached skill level 15 in Ranged Weapons
  8704 | D:10     | Noticed a two-headed ogre
  8720 | D:10     | Killed a two-headed ogre
  8721 | D:10     | Reached XP level 11. HP: 45/80 MP: 12/12
  8858 | D:10     | Paralysed by a hornet for 1 turns
  8862 | D:10     | Paralysed by a hornet for 1 turns
  8868 | D:10     | HP: 3/80 [gnoll/+0 spear[a gnoll sergeant] (8)]
  8869 | D:10     | HP: 1/80 [poisoned by a hornet]
  9177 | D:10     | Found a roughly hewn altar of Beogh.
  9177 | D:10     | Found a staircase to the Orcish Mines.
  9330 | D:10     | Reached skill level 1 in Armour
  9842 | Lair:1   | Entered Level 1 of the Lair of Beasts
  9957 | Lair:2   | Noticed a boulder beetle
  9957 | Lair:2   | HP: 4/82 [burning bush/puff of flame (9)]
  9981 | Lair:1   | Reached skill level 16 in Ranged Weapons
 10294 | Lair:1   | Found a runed translucent door.
 10307 | Lair:1   | Reached **** piety under Hepliaklqana
 10369 | Lair:1   | Reached skill level 5 in Armour
 10571 | Lair:1   | Mangled by a cane toad

Illustrated notes

Levels and vault maps discovered:
D:1:      tekkud_arrival_beachfront_property, layout_loops_corners,
          minmay_pentomino_t4
D:2:      layout_loops_ring
D:3:      kb_forest_paths, layout_basic
D:4:      layout_gridville, tso_oasis_becter,
          mainiacjoe_overflow_six_doors_small,
          minmay_a_box_with_orc_wizards_in_it, uniq_duvessa
D:5:      layout_cave_pools, mainiacjoe_overflow_tiny_flanked,
          amcnicky_mini_corridor_feature
D:6:      layout_gridville, chequers_temple_overflow_statue_of_worship,
          minmay_temple_entry_mist
D:7:      layout_basic, mainiacjoe_overflow_large_starburst,
          chequers_ossuary_entry_cave, uniq_crazy_yiuf_cottage, uniq_joseph
D:8:      minmay_the_grid_triangle_9x9_rhombus_full
          [minmay_the_grid_triangle_9x9_fully_insulated_deathbox,
          minmay_the_grid_triangle_9x9_zippers_vertical,
          minmay_the_grid_triangle_9x9_corrupted_corridor,
          minmay_the_grid_triangle_9x9_from_above,
          minmay_the_grid_triangle_9x9_longest,
          minmay_the_grid_triangle_9x9_negative_grid,
          minmay_the_grid_triangle_9x9_corruption,
          minmay_the_grid_triangle_9x9_prize_insulated], layout_gridville,
          okawaru_gym_becter, serial_library_hellmonk_angled_corner,
          minmay_ruffians
D:9:      due_chaos_kobolds, layout_long_grid, uniq_pikel
D:10:     wander_river, layout_loops_cross, david_orc_5
Lair:1:   dreamdust_labyrinth, layout_layer_cave, gauntlet_entry_generic,
          st_stairs_4, lemuel_fruit_tree, lemuel_fruit_fields,
          infiniplex_staircase_pool_2
Lair:2:   layout_cave_pods, evilmike_ambush [evilmike_ambush_outer_basic,
          evilmike_ambush_inner_basic]

Skill      XL: |  1  2  3  4  5  6  7  8  9 10 11 |
---------------+----------------------------------+-----
Fighting       | 2 3 4 5 6 8 |  8.4
Polearms       | 1 |  1.1
Maces & Flails | 3 6 8 9 |  9.2
Ranged Weapons | 7 11 15 16 | 16.0
Armour         | 5 |  5.6
Dodging        | |  2.1
Stealth        | |  1.5
Spellcasting   | |  1.3
Summonings     | |  2.9

Action                     |  1- 3 |  4- 6 |  7- 9 | 10-12 || total
---------------------------+-------+-------+-------+-------++-------
  Melee: Spear             |    75 |   142 |       |       ||   217
         Unarmed           |     5 |       |       |       ||     5
         Headbutt          |     8 |    32 |    15 |       ||    55
         Flail             |       |    74 |    66 |       ||   140
   Fire: Orcbow            |       |       |   223 |   404 ||   627
 Invoke: Ancestor Life: Kn |       |       |     1 |       ||     1
         Recall Ancestor   |       |       |       |     2 ||     2
         Transference      |       |       |       |     1 ||     1
  Evoke: Wand              |       |     6 |       |       ||     6
    Use: Scroll            |       |     4 |     5 |     3 ||    12
         Potion            |       |     4 |     2 |     7 ||    13
   Stab: Sleeping          |     1 |       |       |       ||     1
 Armour: Robe              |     8 |       |       |       ||     8
         Ring mail         |    20 |   155 |   116 |       ||   291
         Scale mail        |       |       |     6 |   173 ||   179
  Dodge: Dodged            |    34 |    81 |    68 |    94 ||   277

Table legend: (Time is in decaauts)
 A = Elapsed time spent in this place.
 B = Non-inter-level travel time spent in this place.
 C = Inter-level travel time spent in this place.
 D = Time resting spent in this place.
 E = Time spent auto-exploring this place.
 F = Levels seen in this place.
 G = Mean time per level.
                   A        B        C        D        E       F      G
               +--------+--------+--------+--------+--------+-----+--------+
         Total |  10635 |  10210 |    425 |   2419 |   5378 |  13 |  818.1 |
       Dungeon |   9451 |   9026 |    425 |   1842 |   5190 |  10 |  945.1 |
          Lair |    694 |    694 |      0 |    423 |    102 |   2 |  347.0 |
       Ossuary |    489 |    489 |      0 |    153 |     86 |   1 |  489.0 |
               +--------+--------+--------+--------+--------+-----+--------+

Top non-repeatable levels by time:
     D:9: 1498 daAuts
    D:10: 1212 daAuts
     D:7: 981 daAuts
     D:6: 980 daAuts
     D:3: 969 daAuts
     D:8: 921 daAuts
     D:1: 894 daAuts
     D:2: 756 daAuts
     D:4: 755 daAuts
  Lair:1: 686 daAuts
 Ossuary: 489 daAuts
     D:5: 481 daAuts
  Lair:2: 8 daAuts
